 Dungeon Crawl Stone Soup version 0.31-a0-236-g9a0961fb85 (webtiles) character file.

Game seed: 2521514786516795435

777 qw the Skirmisher (level 7, -1/59 HPs)
             Began as a Minotaur Hexslinger on July 10, 2023.
             Succumbed to an orc wizard's poison
             ... on level 4 of the Dungeon.
             The game lasted 00:01:29 (3436 turns).

qw the Skirmisher (Minotaur Hexslinger)             Turns: 3436, Time: 00:01:29

Health: -1/59      AC:  8    Str: 11    XL:     7   Next: 54%
Magic:  7/7        EV: 10    Int: 10    God:
Gold:   181        SH:  0    Dex: 14    Spells: 7/8 levels left

rFire   + . .        Y - +4 sling
rCold   . . .        (no shield)
rNeg    . . .        j - +0 ring mail {rF+}
rPois   .            (helmet restricted)
rElec   .            e - +2 cloak
rCorr   .            (no gloves)
SInv    .            (no boots)
Will    .....        d - amulet of reflection Stlth
                     (no ring)
HPRegen 0.29/turn    (no ring)
MPRegen 0.10/turn

%: reflection
@: confused, lethally poisoned (-1 -> -20)
A: horns 2, retaliatory headbutt, weak 1
a: no special abilities


You were on level 4 of the Dungeon.
You visited 1 branch of the dungeon, and saw 5 of its levels.

You collected 181 gold pieces.


Innate Abilities, Weirdness & Mutations

You have a pair of horns on your head.
You reflexively headbutt those who attack you in melee.
You are weak. (Str -2)


   Skills:
 + Level 4.3 Fighting
 - Level 8.3 Ranged Weapons
 - Level 2.1 Armour
 - Level 2.1 Dodging
 - Level 1.0 Spellcasting
 - Level 2.0 Hexes


You had 7 spell levels left.
You knew the following spells:

 Your Spells              Type           Power      Damage    Failure   Level
a - Slow                  Hex            16%        N/A       34%         1

Your spell library contained the following spells:

 Spells                   Type           Power      Damage    Failure   Level
 Inner Flame              Hex/Fire       2%         N/A       85%         3
 Portal Projectile        Hex/Tloc       4%         N/A       85%         3
 Cause Fear               Hex            2%         N/A       98%         4

Inventory:

Hand Weapons
 Y - a +4 sling (weapon)
Armour
 e - a +2 cloak (worn)
 j - a +0 ring mail of fire resistance (worn)
Jewellery
 d - an amulet of reflection (around neck)
Scrolls
 g - a scroll of enchant armour
 i - a scroll of identify
 l - a scroll of teleportation
Potions
 a - a potion of resistance
 b - a potion of curing
 c - a potion of enlightenment
 f - a potion of cancellation {unknown}
 h - 4 potions of heal wounds
 k - a potion of mutation
 m - a potion of invisibility {unknown}

Dungeon Overview and Level Annotations

Branches:
Dungeon (5/15)
 Temple: D:4-7

Altars:
Gozag
Ru
Uskayaw

Shops:
D:4 *


Message History

You feel very sick. The orc priest closely misses you.
The orc wizard hits you with a +2 dagger of venom.
You are more poisoned.
You climb upwards.
You feel very sick.
There is a stone staircase leading down here.
You shoot a sling bullet.
The sling bullet closely misses the orc priest.
You feel very sick.
The orc wizard casts a spell.
The orc wizard flickers and vanishes!
Deactivating autopickup; reactivate with Ctrl-A.
The orc priest mumbles some strange prayers to Beogh against you.
Beogh smites you!
You shoot a sling bullet. The sling bullet hits the orc priest.
The orc priest is almost dead.
You feel very sick. You block something's attack.
The orc priest hits you with a +0 club.
You shoot a sling bullet. The sling bullet hits the orc priest.
You kill the orc priest!
You feel sick. Something hits you.
Your Armour skill increases to level 2!
You shoot a sling bullet.
You feel sick. Something hits you but does no damage.
You shoot a sling bullet.
You feel sick. Something hits you but does no damage.
You are more poisoned.
You hear some strange, mumbled words.
You are confused.
You shoot a sling bullet.
You feel very sick. Something hits you but does no damage.
You are lethally poisoned!
You shoot a sling bullet.
You feel very sick. Something hits you but does no damage.
You are more poisoned.
You shoot a sling bullet.
You die...

######+###..#######..##..##....##
#..##...##..##...##..#...##..).##
....#............#...#...........
....#..........>.'...#...........
#####...###############..###...##
#..#######..##...######..###)..##
........#..................#.....
...######.######...........#.....
...#...........#@).........#.....
...#.####.####.#{................
...#.#.......#.#........###'##...
####.#.##.##.#.#...######.)..#..#
#..#.#.#...#.#.#...###<.'.#..##.#
#........_...........'..#..#.+..#
#..#.#.#...#.#.#.....#..#....####
#..#.#.##.##.#.###..###'##'###
####.#.....).#.#######..##.#


There were no monsters in sight!

Vanquished Creatures
  Grinder (D:4)
  Sigmund (D:2)
  A phantom (D:4)
  2 hounds (D:4)
  3 orc priests
  Robin (D:2)
  4 adders
  2 worms
  4 dart slugs
  13 orcs
  4 ball pythons
  5 bats
  7 endoplasms
  4 giant cockroaches
  18 goblins
  11 hobgoblins
  11 jackals (D:1)
  7 kobolds
  4 quokkas
  2 frilled lizards
  7 rats
112 creatures vanquished.

Notes
Turn   | Place    | Note
-------+----------+-------------------------------------------
     0 | D:1      | qw the Minotaur Hexslinger began the quest for the Orb.
     0 | D:1      | Reached XP level 1. HP: 16/16 MP: 1/1
     0 | D:1      | 0 ||| qw: Version: 0.3-a-52-g30416fa
     0 | D:1      | 0 ||| qw: Game counter: 4851
     0 | D:1      | 0 ||| qw: Melee chars always use a shield: true
     0 | D:1      | 0 ||| qw: God list: Okawaru
     0 | D:1      | 0 ||| qw: Allow faded altars: false
     0 | D:1      | 0 ||| qw: Do Orc after clearing Dungeon:15 true
     0 | D:1      | 0 ||| qw: Do second Lair branch before Depths: true
     0 | D:1      | 0 ||| qw: Lair rune preference: random
     0 | D:1      | 0 ||| qw: Goals: Normal
     0 | D:1      | 0 ||| PLANNING D:1-11
    33 | D:1      | Reached skill level 3 in Ranged Weapons
    33 | D:1      | Reached XP level 2. HP: 23/23 MP: 2/2
   306 | D:1      | Reached XP level 3. HP: 29/29 MP: 3/3
   414 | D:1      | Reached skill level 4 in Ranged Weapons
   524 | D:1      | 524 ||| UPGRADING to +0 leather armour.
   534 | D:1      | 534 ||| DROPPING +0 robe.
   535 | D:1      | 535 ||| READING scroll labelled XISAIP OMMAUC.
   536 | D:1      | 536 ||| READING 2 scrolls labelled OLYGIDGH UHET.
   537 | D:1      | 537 ||| READING scroll of enchant weapon.
   537 | D:1      | 537 ||| ENCHANTING +2 sling.
   538 | D:1      | 538 ||| READING 2 scrolls labelled MYLUOTOIGU.
   539 | D:1      | 539 ||| READING scroll labelled SIB ZI JEYCS.
   540 | D:1      | 540 ||| READING scroll labelled UHA XUVEHUEMAA.
   541 | D:1      | 541 ||| READING scroll labelled XUWOOV OTOPOETS.
   546 | D:1      | 546 ||| DRINKING 2 fuming grey potions.
   547 | D:1      | 547 ||| DROPPING scroll of poison.
   548 | D:1      | 548 ||| DROPPING scroll of amnesia.
   755 | D:2      | Noticed Sigmund
   766 | D:2      | Killed Sigmund
   767 | D:2      | Reached skill level 6 in Ranged Weapons
   767 | D:2      | Reached XP level 4. HP: 24/36 MP: 4/4
   767 | D:2      | Reached XP level 5. HP: 28/41 MP: 5/5
  1290 | D:2      | Noticed Robin
  1303 | D:2      | HP: 10/42 [poisoned by a goblin]
  1304 | D:2      | 1304 ||| READING scroll of teleportation.
  1305 | D:2      | 1305 ||| DRINKING 2 potions of heal wounds.
  1436 | D:2      | Killed Robin
  1575 | D:2      | 1575 ||| UPGRADING to +2 cloak.
  1580 | D:2      | 1580 ||| UPGRADING to amulet of reflection.
  1585 | D:2      | 1585 ||| READING scroll labelled KYELIT BOUGABB.
  1586 | D:2      | 1586 ||| READING scroll labelled ACOETEOSUENT.
  1663 | D:3      | Reached skill level 3 in Fighting
  1663 | D:3      | Reached XP level 6. HP: 51/51 MP: 6/6
  1751 | D:3      | Reached skill level 1 in Armour
  2176 | D:3      | Found a faded altar of an unknown god.
  2606 | D:3      | 2606 ||| UPGRADING to +0 ring mail.
  2616 | D:3      | 2616 ||| DROPPING +0 leather armour.
  2617 | D:3      | 2617 ||| UPGRADING to +0 ring mail of fire resistance.
  2627 | D:3      | 2627 ||| DROPPING +0 ring mail.
  2628 | D:3      | 2628 ||| DRINKING 2 silvery potions.
  2628 | D:3      | Gained mutation: You are weak. (Str -2) [potion of
                  | mutation]
  2629 | D:3      | 2629 ||| READING 3 scrolls of identify.
  2629 | D:3      | 2629 ||| IDENTIFYING coppery potion
  2630 | D:3      | 2630 ||| READING 2 scrolls of identify.
  2630 | D:3      | 2630 ||| IDENTIFYING sedimented cyan potion
  2677 | D:4      | Found Gozag's Platinum Reserve.
  2677 | D:4      | Found an opulent altar of Gozag.
  2739 | D:4      | Reached skill level 7 in Ranged Weapons
  2799 | D:4      | 2799 ||| READING scroll of enchant weapon.
  2799 | D:4      | 2799 ||| ENCHANTING +3 sling.
  2889 | D:4      | Reached XP level 7. HP: 51/59 MP: 7/7
  2928 | D:4      | Found a sacrificial altar of Ru.
  2970 | D:4      | Noticed Grinder
  2973 | D:4      | Paralysed by Grinder for 2 turns
  2981 | D:4      | Killed Grinder
  2982 | D:4      | Reached skill level 8 in Ranged Weapons
  3184 | D:4      | Found a hide-covered altar of Uskayaw.
  3335 | D:4      | 3335 ||| SHOPLISTING ring "Idat Wau" {Ice *Slow rElec rPois
                  | Slay+4} (5440 gold, have 181).
  3335 | D:4      | 3335 ||| SHOPLISTING ring "Niques" {MP+9 Str+3 Stlth+}
                  | (3610 gold, have 181).
  3335 | D:4      | 3335 ||| SHOPLISTING ring of Wishful Thinking {Contam
                  | *Corrode Will+++ Dex+6 Stlth+} (6260 gold, have 181).
  3407 | D:4      | 3407 ||| READING scroll labelled GAEPTAR WOPHA.
  3408 | D:4      | 3408 ||| READING 2 scrolls of identify.
  3408 | D:4      | 3408 ||| IDENTIFYING sedimented silvery potion
  3421 | D:5      | Entered Level 5 of the Dungeon
  3427 | D:5      | 3427 ||| STAIRDANCE
  3431 | D:4      | HP: 12/59 [something (5)]
  3435 | D:4      | HP: 4/59 [poisoned by an orc wizard]
  3436 | D:4      | Succumbed to an orc wizard's poison

Levels and vault maps discovered:
D:1:      dpeg_arrival_rooms_with_view, layout_basic
D:2:      layout_basic, serial_curves, eino_curves_03, eino_curves_02,
          eino_curves_04, uniq_sigmund, uniq_robin
D:3:      layout_basic, chequers_ecumenical_altar_grove,
          nicolae_underground_beach
D:4:      layout_gridville, eat_drink_and_be_merry_uskayaw,
          nicolae_gozag_zags_fifth_avenue, nicolae_ru_sacrificial_ziggurat,
          kennysheep_generic_room_14, uniq_grinder
D:5:      layout_gridville, serial_shops, shop, shop,
          nicolae_shop_bloodbath_and_beyond, shop, shop, uniq_edmund, uniq_pikel

Skill      XL: |  1  2  3  4  5  6  7 |
---------------+----------------------+-----
Ranged Weapons | 3 6 7 8 |  8.3
Fighting       | 2 3 4 |  4.3
Armour         | 1 2 |  2.1
Dodging        | |  2.1
Spellcasting   | |  1.0
Hexes          | |  2.0

Action                     |  1- 3 |  4- 6 |  7- 9 || total
---------------------------+-------+-------+-------++-------
   Fire: Sling             |   111 |   200 |    41 ||   352
    Use: Scroll            |     7 |     6 |     2 ||    15
         Potion            |     1 |     2 |       ||     3
 Armour: Robe              |     5 |       |       ||     5
         Leather armour    |     3 |    18 |       ||    21
         Ring mail         |       |    16 |     9 ||    25
  Dodge: Dodged            |    33 |    54 |     8 ||    95
  Block: Other             |       |    30 |     3 ||    33

Table legend:
 A = Non-vault XP
 B = Vault XP
 C = Vault XP percentage of total XP
 D = Non-vault monster count
 E = Vault monster count
 F = Vault count percentage of total count
                 A         B        C        D         E       F
            +---------+---------+-------+---------+---------+-------
      Total |     550 |     561 |  50.5 |      97 |      15 |  13.4
            +---------+---------+-------+---------+---------+-------
        D:1 |      64 |       3 |   4.5 |      31 |       2 |   6.1
        D:2 |      30 |     272 |  90.1 |      16 |      12 |  42.9
        D:3 |     179 |       0 |   0.0 |      28 |       0 |   0.0
        D:4 |     274 |     286 |  51.1 |      21 |       1 |   4.5
        D:5 |       3 |       0 |   0.0 |       1 |       0 |   0.0
            +---------+---------+-------+---------+---------+-------
